 Dungeon Crawl Stone Soup version 0.22-a0-284-g99d1f74 (webtiles) character file.

266 Amnesiac the Conjurer (level 6, 0/37 HPs)
             Began as a Deep Elf Wizard on Mar 21, 2018.
             Slain by Natasha (7 damage)
             ... on level 3 of the Dungeon.
             The game lasted 00:04:23 (3565 turns).

Amnesiac the Conjurer (Deep Elf Wizard)             Turns: 3565, Time: 00:04:23

Health: 0/37       AC:  3    Str:  4    XL:     6   Next: 0%
Magic:  12/14      EV: 13    Int: 25    God:
Gold:   181        SH:  0    Dex: 13    Spells: 3/14 levels left

rFire    . . .     SeeInvis .   h - +2 spear (venom)
rCold    . . .     Gourm    .   (no shield)
rNeg     + . .     Faith    .   a - +0 robe
rPois    .         Spirit   .   b - +0 hat
rElec    .         Reflect  .   l - +0 cloak
rCorr    .         Harm     .   (no gloves)
MR       .....                  (no boots)
Stlth    ++........             (no amulet)
HPRegen  0.12/turn              k - ring of positive energy
MPRegen  0.14/turn              (no ring)

@: no status effects
A: no striking features
a: no special abilities


You were on level 3 of the Dungeon.
You were not hungry.

You visited 1 branch of the dungeon, and saw 4 of its levels.

You collected 181 gold pieces.

Inventory:

Hand Weapons
 h - a +2 spear of venom (weapon)
 p - a +0 trident of venom
Missiles
 i - 21 poisoned needles
Armour
 a - a +0 robe (worn)
 b - a +0 hat (worn)
 l - a +0 cloak (worn)
Jewellery
 k - a ring of positive energy (left hand)
Wands
 o - a wand of polymorph (11)
Scrolls
 c - a scroll of blinking {!r, unknown}
 j - a scroll of enchant armour {!r, unknown}
 m - a scroll of teleportation {!r}
Potions
 e - a potion of brilliance {!q, unknown}
 f - 2 potions of curing {!q}
 g - a potion of magic {!q}
Comestibles
 d - 4 rations
 n - 2 chunks of flesh


   Skills:
 * Level 3.0 Fighting
 + Level 2.8 Dodging
 - Level 2.4 Stealth
 - Level 4.5 Spellcasting
 - Level 4.8 Conjurations
 - Level 1.1 Summonings
 - Level 1.1 Translocations


You had 3 spell levels left.
You knew the following spells:

 Your Spells              Type           Power        Failure   Level  Hunger
a - Magic Dart            Conj           ####         1%          1    None
b - Call Imp              Summ           ##......     9%          2    None
e - Mephitic Cloud        Conj/Pois/Air  ##......     14%         3    ##.....
s - Conjure Flame         Conj/Fire      ###.....     10%         3    ##.....
v - Blink                 Tloc           N/A          9%          2    None


Dungeon Overview and Level Annotations

Branches:
Dungeon (4/15)
 Temple: D:4-7

Altars:

Annotations:
D:3 Natasha


Message History

Anything else - Cancel.
You shout for attention!
What are your orders? t - Shout!
Orders for allies: a - Attack new target. r - Retreat! s - Stop attacking. g - Guard the area. f - Follow me.
Anything else - Cancel.
You shout for attention!
You see here a club.
There is a stone staircase leading down here.
There is an escape hatch in the ceiling here.
There is a stone staircase leading up here.
There is a stone staircase leading down here.
Eating one of 4 chunks of flesh.
You eat one of the 4 chunks of flesh.
This raw flesh tastes terrible.
You see here a dagger.
Natasha, Servant of Life and Death comes into view.
Natasha hisses angrily.
Natasha drinks a potion.
Natasha suddenly seems more resistant.
Casting: Mephitic Cloud (safe; 14% risk of failure)
Confirm with . or Enter, or press ? or * to list all spells.
You can't see any susceptible monsters within range! (Use Z to cast anyway.)
Casting: Mephitic Cloud (safe; 14% risk of failure)
Confirm with . or Enter, or press ? or * to list all spells.
You can't see any susceptible monsters within range! (Use Z to cast anyway.)
Casting: Mephitic Cloud (safe; 14% risk of failure)
Confirm with . or Enter, or press ? or * to list all spells.
You can't see any susceptible monsters within range! (Use Z to cast anyway.) Attack whom?
Press: ? - help, Dir - move target cursor, f - Natasha
Aim: Natasha (unusually resistant)
You reach to attack!
You hit Natasha.
Natasha is lightly wounded.
Natasha mumbles some strange words.
You barely miss the shadow imp. The shadow imp hits you.
Natasha closely misses you.
Some of the chunks of flesh in your inventory have rotted away.
You hit Natasha.
Natasha is moderately wounded.
The shadow imp misses you. Natasha claws you!
You hit Natasha.
Natasha is heavily wounded.
The shadow imp closely misses you. Natasha misses you.
You completely miss Natasha.
Natasha is heavily wounded.
The shadow imp hits you. Natasha misses you.
You hit Natasha but do no damage.
Natasha is poisoned.
Natasha is heavily wounded.
The shadow imp hits you.
Natasha stares at you and mumbles some strange words.
The magic dart hits you!
* * * LOW HITPOINT WARNING * * *
Natasha stares at you and mumbles some strange words.
The magic dart hits you!
* * * LOW HITPOINT WARNING * * *
You closely miss Natasha.
Natasha is severely wounded.
The shadow imp closely misses you. Natasha barely misses you.
Unknown command.
Casting: Mephitic Cloud (safe; 14% risk of failure)
Confirm with . or Enter, or press ? or * to list all spells.
You blink.
Natasha claws you!
You die...

#....#P# #.#..PP#### ##########
#.....##..# .........#
#......#..# .........#
#P..####..#
.........#########.###...########
...............§.................
.........###[..h#####........####
.........# ####5@####..÷.###..# #
.........# ##....#....# ##.###
###.###### ####...#### #....
#......### ###.##########.
###......# #......## ##. ###.##.#
#.####..###.. #....######## #.#
##...... ###.........###)#
####... #.#######...#.########...


You could see Natasha and a shadow imp.

Vanquished Creatures
  A hound (D:4)
  Crazy Yiuf (D:2)
  Natasha (twice) (D:3)
  7 adders
  2 worms (D:3)
  2 dart slugs (D:2)
  4 orcs
  5 ball pythons (D:3)
  3 giant cockroaches
  8 goblins
  10 hobgoblins
  3 jackals (D:2)
  10 kobolds
  A quokka (D:3)
  10 bats
  5 frilled lizards
  7 rats
  2 fungi (D:2)
83 creatures vanquished.

Vanquished Creatures (collateral kills)
  An adder (D:2)
  2 goblins (D:2)
3 creatures vanquished.

Grand Total: 86 creatures vanquished

Notes
Turn   | Place    | Note
-------+----------+-------------------------------------------
     0 | D:1      | Amnesiac the Deep Elf Wizard began the quest for the Orb.
     0 | D:1      | Reached XP level 1. HP: 10/10 MP: 7/7
   413 | D:1      | Reached XP level 2. HP: 15/15 MP: 9/9
   417 | D:1      | Learned a level 2 spell: Blink
   420 | D:1      | Learned a level 2 spell: Call Imp
  1060 | D:2      | Reached XP level 3. HP: 19/19 MP: 11/11
  1087 | D:2      | Learned a level 3 spell: Conjure Flame
  1091 | D:2      | Learned a level 3 spell: Mephitic Cloud
  1638 | D:2      | Reached XP level 4. HP: 22/24 MP: 12/12
  1825 | D:2      | Found a runed door.
  1935 | D:2      | Noticed Crazy Yiuf
  1944 | D:2      | Killed Crazy Yiuf
  2196 | D:3      | Reached skill level 1 in Fighting
  2465 | D:3      | Reached XP level 5. HP: 28/29 MP: 8/13
  3167 | D:4      | Noticed Natasha
  3179 | D:3      | Killed Natasha
  3313 | D:3      | Noticed Natasha
  3321 | D:3      | Killed Natasha
  3427 | D:3      | Reached XP level 6. HP: 35/37 MP: 14/14
  3554 | D:3      | Noticed Natasha
  3565 | D:3      | Slain by Natasha

Vault maps used:
D:1:      dpeg_arrival_simpleton_b, serial_bayou, serial_bayou_pond_d,
          serial_bayou_pond_a, serial_bayou_shore_a, serial_bayou_pond_d,
          minmay_misc_feat_room
D:2:      minmay_gold_behind_fungi, minmay_cut_off, uniq_crazy_yiuf_cottage
D:3:      first_ration, minmay_shallow_snake_nest
D:4:      corexii_shack_village, uniq_blork_the_orc, uniq_eustachio,
          uniq_natasha

Skill      XL: |  1  2  3  4  5 |
---------------+----------------+-----
Conjurations   | 2 3 4 |  4.8
Fighting       | 1 3 |  3.0
Dodging        | |  2.8
Stealth        | |  2.4
Spellcasting   | |  4.5
Summonings     | |  1.1
Translocations | |  1.1

Action                   |  1- 3 |  4- 6 || total
-------------------------+-------+-------++-------
Melee: Spear             |   102 |   107 ||   209
 Cast: Magic Dart        |    11 |    20 ||    31
       Call Imp          |     2 |     1 ||     3
       Mephitic Cloud    |       |     3 ||     3
       Blink             |       |     2 ||     2
  Use: Scroll            |     3 |     1 ||     4
 Stab: Sleeping          |    11 |     6 ||    17
       Confused          |       |     2 ||     2
       Distracted        |       |     2 ||     2
  Eat: Chunk             |     2 |     7 ||     9
Armor: Robe              |     7 |    16 ||    23
Dodge: Dodged            |    38 |    72 ||   110

Table legend:
 A = Spawn XP
 B = Non-spawn XP
 C = Spawn XP percentage of total XP
 D = Spawn monster count
 E = Non-spawn monster count
 F = Spawn count percentage of total count
 G = Total turns spent on level
                    A         B        C        D         E        F      G
               +---------+---------+-------+---------+---------+-------+---------
         Total |       0 |     381 |   0.0 |       0 |      84 |   0.0 |  3565
               +---------+---------+-------+---------+---------+-------+---------
           D:1 |       0 |      33 |   0.0 |       0 |      22 |   0.0 |   964
           D:2 |       0 |     111 |   0.0 |       0 |      25 |   0.0 |  1199
           D:3 |       0 |     176 |   0.0 |       0 |      32 |   0.0 |  1084
           D:4 |       0 |      61 |   0.0 |       0 |       5 |   0.0 |   318
               +---------+---------+-------+---------+---------+-------+---------
